Map: [ESL] Data-C

Players

GunGFuBanDa

  • Race: Protoss Protoss
  • Spawn Location: 9:00

NightPhoenix - Winner!

  • Race: Protoss Protoss
  • Spawn Location: 3:00

Event: DreamHack SC2 Masters 2022 Atlanta (Online)

VOD

Have the link to the VOD?

Description

Time

  • Played on: Oct. 5, 2022, 12:45 p.m.
  • Length: 16:50

All games in this series

Show
View Real Time Build Order
Export as new Build Order

GunGFuBanDa Protoss 

Build Orders:  

Get SALT Encoding   

  12  0:00  Probe  
  13  0:12  Probe  
  14  0:17  Pylon  
  14  0:24  Probe (Chrono Boost)  
  16  0:37  Gateway, Probe (Chrono Boost)  
  16  0:42  Probe (Chrono Boost)  
  16  0:46  Assimilator  
  17  0:52  Probe (Chrono Boost)  
  17  0:54  Assimilator  
  19  1:04  Probe (Chrono Boost)  
  19  1:08  Gateway  
  19  1:13  Probe (Chrono Boost)  
  20  1:18  Probe  
  20  1:25  Cybernetics Core  
  21  1:30  Probe  
  22  1:36  Pylon  
  22  1:42  Probe  
  23  1:55  Probe  
  24  2:02  Adept x2, Warp Gate  
  24  2:08  Probe  
  29  2:15  Pylon  
  30  2:22  Probe  
  30  2:28  Pylon  
  30  2:36  Stalker  
  32  2:39  Stalker  
  32  2:42  Probe  
  34  3:08  Shield Battery  
  34  3:15  Nexus  
  32  3:20  Robotics Facility  
  32  3:23  Probe  
  30  3:31  Shield Battery  
  30  3:34  Shield Battery  
  30  3:35  Probe  
  31  3:50  Sentry  
  31  3:51  Stalker  
  35  3:56  Probe  
  35  3:59  Pylon  
  36  4:09  Observer (Chrono Boost)  
  37  4:18  Shield Battery  
  37  4:19  Stalker x2  
  37  4:23  Immortal (Chrono Boost)  
  45  4:31  Probe  
  46  4:46  Stalker  
  46  4:47  Stalker  
  50  4:53  Shield Battery  
  50  4:55  Immortal (Chrono Boost)  
  50  4:59  Probe (Chrono Boost)  
  53  5:00  Probe (Chrono Boost)  
  54  5:11  Probe (Chrono Boost)  
  54  5:12  Probe (Chrono Boost)  
  54  5:13  Sentry x2  
  60  5:16  Pylon  
  60  5:20  Probe (Chrono Boost)  
  60  5:21  Probe (Chrono Boost)  
  62  5:23  Forge  
  62  5:33  Twilight Council  
  62  5:34  Probe (Chrono Boost)  
  62  5:35  Probe (Chrono Boost)  
  64  5:46  Probe (Chrono Boost)  
  64  5:47  Probe (Chrono Boost)  
  66  5:53  Probe (Chrono Boost)  
  66  5:54  Gateway x2, Probe (Chrono Boost)  
  66  5:56  Assimilator  
  68  5:58  Protoss Ground Weapons Level 1 (Chrono Boost)  
  68  6:01  Probe  
  69  6:05  Probe  
  69  6:08  Pylon  
  69  6:10  Blink (Chrono Boost), Pylon  
  70  6:27  Shield Battery  
  70  6:30  Immortal (Chrono Boost)  
  70  6:31  Shield Battery  
  70  6:39  Stalker x2  
  78  6:43  Pylon  
  78  6:51  Observer  
  76  7:01  Stalker  
  76  7:02  Stalker  
  76  7:03  Stalker x2  
  84  7:10  Probe  
  85  7:20  Nexus  
  85  7:21  Pylon  
  85  7:24  Probe x2  
  87  7:38  Probe  
  87  7:42  Shield Battery, Probe  
  87  7:43  Stalker x4  
  97  7:45  Pylon  
  97  7:50  Probe  
  98  7:55  Gateway x2  
  99  7:58  Probe, Pylon  
  99  8:02  Probe  
  100  8:07  Robotics Bay  
  100  8:09  Assimilator  
  100  8:14  Dark Shrine  
  100  8:15  Probe  
  100  8:18  Assimilator  
  101  8:20  Probe  
  98  8:32  Probe  
  99  8:34  Protoss Ground Weapons Level 2 (Chrono Boost)  
  99  8:35  Probe  
  99  8:37  Probe  
  101  8:44  Probe  
  101  8:47  Probe  
  103  8:51  Probe  
  103  8:52  Stalker x5  
  114  8:56  Assimilator  
  114  8:57  Probe  
  115  9:03  Disruptor (Chrono Boost)  
  118  9:10  Pylon  
  118  9:15  Photon Cannon  
  118  9:16  Shield Battery  
  118  9:17  Pylon  
  118  9:24  Stalker x2  
  118  9:25  Stalker  
  118  9:31  Disruptor (Chrono Boost)  
  124  9:32  Observer  
  127  9:40  Probe x2  
  127  9:41  Charge (Chrono Boost), Pylon  
  127  9:43  Photon Cannon  
  129  9:47  Stalker x2  
  129  9:51  Observer  
  133  10:05  Dark Templar x2  
  135  10:07  Dark Templar  
  137  10:20  Nexus, Zealot x3  
  128  10:28  Probe (Chrono Boost)  
  128  10:35  Probe (Chrono Boost)  
  116  10:37  Probe (Chrono Boost)  
  116  10:39  Disruptor  
  108  10:46  Probe (Chrono Boost)  
  108  10:47  Probe (Chrono Boost)  
  100  10:50  Probe (Chrono Boost)  
  100  10:52  Probe (Chrono Boost)  
  100  10:53  Probe (Chrono Boost)  
  102  10:58  Probe  
  102  11:01  Probe, Stalker x3  
  102  11:03  Nexus  
  109  11:04  Protoss Ground Weapons Level 3 (Chrono Boost), Probe  
  109  11:10  Probe  
  109  11:11  Disruptor (Chrono Boost)  
  109  11:14  Probe  
  109  11:16  Pylon  
  109  11:17  Probe  
  111  11:22  Probe, Stalker x2  
  119  11:26  Probe  
  119  11:27  Stalker x2  
  119  11:29  Probe  
  125  11:34  Probe  
  125  11:35  Stalker x2  
  130  11:44  Disruptor (Chrono Boost)  
  130  11:45  Shield Battery  
  133  11:50  Probe  
  134  12:05  Stalker  
  134  12:06  Stalker  
  138  12:10  Probe  
  138  12:12  Photon Cannon  
  138  12:13  Disruptor  
  141  12:25  Stalker  
  141  12:26  Stalker x3  
  135  12:40  Probe  
  135  12:42  Probe  
  137  12:44  Photon Cannon  
  137  12:45  Zealot  
  137  12:46  Shield Battery  
  137  12:47  Dark Templar  
  137  12:48  Disruptor (Chrono Boost)  
  137  12:49  Pylon  
  144  12:51  Zealot x3  
  144  12:57  Zealot  
  144  12:58  Probe (Chrono Boost)  
  152  13:01  Probe (Chrono Boost)  
  152  13:03  Probe (Chrono Boost)  
  152  13:04  Probe (Chrono Boost)  
  152  13:10  Probe (Chrono Boost)  
  152  13:12  Photon Cannon  
  153  13:18  Disruptor (Chrono Boost)  
  153  13:21  Shadow Stride (Chrono Boost)  
  153  13:25  Dark Templar x6  
  162  13:28  Probe  
  162  13:29  Probe x3  
  162  13:30  Assimilator x2  
  166  13:40  Probe  
  149  13:50  Disruptor (Chrono Boost)  
  150  14:00  Zealot x4, Dark Templar x2  
  150  14:02  Probe  
  158  14:03  Shield Battery  
  131  14:22  Zealot x4  
  131  14:23  Disruptor (Chrono Boost), Probe (Chrono Boost)  
  128  14:25  Probe (Chrono Boost)  
  128  14:29  Probe (Chrono Boost)  
  128  14:30  Probe (Chrono Boost)  
  127  14:33  Probe (Chrono Boost)  
  127  14:34  Probe (Chrono Boost)  
  127  14:37  Dark Templar, Probe (Chrono Boost), Stalker  
  116  14:45  Dark Templar x2  
  116  14:48  Zealot  
  111  15:03  Zealot  
  111  15:04  Probe x2  
  111  15:06  Shield Battery  
  113  15:08  Cybernetics Core, Gateway  
  113  15:13  Stalker x2  
  113  15:14  Disruptor (Chrono Boost)  
  117  15:16  Gateway x2  
  110  15:28  Stalker x3  
  110  15:33  Shield Battery  
  116  15:38  Disruptor (Chrono Boost)  
  116  15:40  Gateway  
  116  15:41  Stalker  
  116  15:42  Stalker  
  123  16:01  Stalker x3  
  120  16:04  Dark Templar, Probe  
  120  16:05  Probe  
  123  16:12  Disruptor (Chrono Boost), Nexus  
  124  16:18  Stalker x4  
  116  16:29  Stalker x3  
  122  16:32  Shield Battery  
  122  16:34  Shield Battery  
  122  16:35  Forge  
  119  16:42  Stalker  
  119  16:43  Stalker x5  
Show
View Real Time Build Order
Export as new Build Order

NightPhoenix Protoss - Winner!

Build Orders: Blink Stalkers 

Get SALT Encoding   

  12  0:00  Probe  
  13  0:12  Probe  
  14  0:16  Pylon  
  14  0:24  Probe (Chrono Boost)  
  15  0:36  Probe (Chrono Boost)  
  15  0:37  Gateway  
  16  0:44  Probe (Chrono Boost)  
  16  0:46  Assimilator  
  17  0:51  Probe  
  17  0:56  Assimilator  
  18  1:03  Probe (Chrono Boost)  
  19  1:09  Gateway  
  19  1:13  Probe (Chrono Boost)  
  19  1:18  Probe (Chrono Boost)  
  20  1:25  Cybernetics Core  
  21  1:29  Probe  
  22  1:35  Pylon  
  22  1:41  Probe  
  23  1:53  Probe  
  24  2:01  Adept x2  
  24  2:02  Warp Gate  
  24  2:06  Probe  
  29  2:12  Pylon  
  29  2:24  Pylon  
  29  2:31  Stalker x2  
  33  2:53  Nexus  
  33  3:02  Twilight Council  
  32  3:19  Probe (Chrono Boost)  
  30  3:30  Probe (Chrono Boost)  
  30  3:34  Pylon  
  31  3:35  Probe (Chrono Boost)  
  31  3:36  Blink (Chrono Boost)  
  32  3:45  Probe  
  33  3:56  Stalker x2  
  33  3:59  Probe (Chrono Boost)  
  38  4:07  Probe (Chrono Boost)  
  38  4:09  Probe (Chrono Boost)  
  40  4:14  Probe (Chrono Boost)  
  40  4:16  Probe (Chrono Boost)  
  42  4:19  Probe (Chrono Boost)  
  43  4:25  Sentry  
  43  4:26  Sentry  
  43  4:29  Probe  
  48  4:31  Probe  
  48  4:32  Pylon  
  49  4:41  Probe  
  49  4:43  Probe  
  49  4:45  Gateway  
  51  4:48  Gateway  
  51  4:50  Phoenix  
  51  4:59  Stalker x2  
  51  5:01  Probe x2  
  53  5:14  Nexus  
  53  5:17  Probe x2  
  55  5:23  Stalker  
  55  5:26  Stalker  
  59  5:30  Probe x2  
  61  5:39  Stalker  
  63  5:44  Stalker  
  63  5:47  Stalker  
  63  5:49  Stalker  
  69  5:51  Probe (Chrono Boost)  
  69  5:55  Pylon  
  70  5:57  Forge  
  70  5:59  Pylon  
  70  6:02  Assimilator  
  70  6:10  Shield Battery  
  70  6:13  Probe  
  70  6:15  Gateway  
  70  6:16  Gateway  
  71  6:23  Protoss Ground Weapons Level 1 (Chrono Boost)  
  71  6:28  Probe x2  
  71  6:30  Gateway  
  73  6:33  Gateway  
  73  6:39  Gateway  
  73  6:40  Probe x2, Pylon  
  75  6:48  Charge (Chrono Boost)  
  75  6:52  Shield Battery  
  75  6:53  Probe  
  75  6:54  Shield Battery x2  
  76  7:00  Probe (Chrono Boost)  
  76  7:02  Probe (Chrono Boost)  
  76  7:07  Robotics Facility  
  77  7:11  Stalker  
  77  7:12  Probe (Chrono Boost)  
  77  7:14  Probe (Chrono Boost)  
  77  7:15  Stalker  
  83  7:17  Probe (Chrono Boost)  
  83  7:19  Probe (Chrono Boost)  
  83  7:21  Probe (Chrono Boost)  
  83  7:22  Stalker  
  87  7:23  Sentry  
  87  7:24  Probe  
  87  7:25  Sentry  
  87  7:29  Stalker  
  94  7:36  Stalker x2  
  98  7:37  Probe x3  
  101  7:44  Assimilator  
  101  7:50  Probe  
  101  7:51  Probe x2  
  104  7:53  Assimilator x2  
  104  7:55  Observer  
  104  7:57  Pylon  
  105  7:58  Robotics Bay  
  105  8:00  Pylon  
  105  8:06  Pylon  
  105  8:07  Nexus  
  105  8:09  Protoss Ground Weapons Level 2 (Chrono Boost), Pylon  
  105  8:11  Probe x2  
  99  8:32  Stalker x4  
  99  8:33  Stalker  
  105  8:37  Probe x2  
  105  8:38  Probe  
  108  8:46  Shield Battery  
  108  8:47  Disruptor (Chrono Boost)  
  108  8:48  Photon Cannon  
  108  8:49  Probe, Photon Cannon, Pylon  
  108  8:50  Probe x2  
  114  8:57  Stalker  
  114  9:01  Probe  
  114  9:02  Probe  
  118  9:08  Photon Cannon  
  118  9:13  Disruptor (Chrono Boost)  
  118  9:15  Robotics Facility  
  121  9:17  Robotics Facility  
  121  9:21  Zealot x3  
  121  9:24  Zealot  
  129  9:27  Probe x3  
  132  9:32  Zealot x2  
  132  9:33  Zealot  
  138  9:39  Disruptor (Chrono Boost)  
  138  9:44  Stalker x3  
  147  9:45  Stalker  
  149  9:59  Stalker x5  
  159  10:03  Disruptor (Chrono Boost)  
  158  10:08  Disruptor (Chrono Boost)  
  163  10:16  Warp Prism (Chrono Boost)  
  163  10:27  Observer  
  138  10:38  Zealot x7  
  138  10:39  Disruptor x2, Zealot x2  
  139  10:51  Protoss Ground Weapons Level 3 (Chrono Boost)  
  139  10:52  Disruptor  
  134  10:57  Probe x3  
  134  11:03  Zealot x9  
  152  11:06  Probe  
  152  11:09  Probe x2  
  155  11:13  Probe  
  155  11:15  Disruptor  
  155  11:16  Photon Cannon  
  155  11:18  Probe  
  160  11:24  Probe x2  
  162  11:25  Probe  
  162  11:27  Assimilator  
  162  11:29  Assimilator  
  162  11:30  Probe, Pylon  
  164  11:35  Pylon  
  164  11:37  Pylon  
  164  11:39  Pylon  
  164  11:42  Pylon  
  164  11:48  Probe x3  
  151  12:05  Zealot  
  151  12:07  Zealot x8  
  151  12:08  Zealot  
  169  12:11  Observer x3 (Chrono Boost)  
  169  12:12  Gravitic Boosters  
  164  12:34  Stalker x9  
  144  13:00  Zealot x8  
  144  13:01  Disruptor x2, Zealot  
  163  13:10  Disruptor  
  166  13:35  Zealot x9  
  166  13:38  Observer  
  145  13:51  Disruptor x2  
  145  13:55  Stalker x3  
  155  13:56  Zealot x5, Stalker  
  155  13:58  Disruptor  
  134  14:20  Zealot x3  
  134  14:21  Zealot x6  
  144  14:38  Disruptor x2 (Chrono Boost)  
  127  14:42  Disruptor (Chrono Boost)  
  127  14:43  Stalker x5  
  127  14:44  Stalker x4  
  151  14:46  Observer  
  116  15:09  Stalker x7  
  116  15:14  Stalker x7  
  120  15:17  Warp Prism (Chrono Boost)  
  120  15:19  Stalker x2  
  125  15:26  Probe x2  
  125  15:27  Probe x2  
  129  15:38  Zealot  
  129  15:39  Zealot x6  
  143  15:45  Observer x2  
  146  15:50  Observer  
  146  15:51  Nexus  
  146  15:52  Zealot, Pylon  
  129  16:06  Observer  
  130  16:12  Zealot, Stalker x2  
  130  16:13  Zealot x6  
  143  16:20  Probe x3  
  139  16:34  Stalker x5  
  139  16:35  Stalker  
  139  16:36  Stalker  
Tags
 
Add a new tag
Caveats
  • Supply blocks, unpowered buildings, or Contaminate may cause inaccurate times.
  • Supply counts are checked every 10 seconds.